[Event "Titled Tuesday Blitz May 10 Early 2022"]
[White "Kozak, Antoni"]
[Black "Mitrabha, Guha"]
[WhiteFideId "21832030"]
[BlackFideId "5057000"]
[WhiteElo "2322"]
[BlackElo "2468"]
[Result "0-1"]
[Round "09"]
[TimeControl "180+1"]
[Date "2022.05.10"]
[WhiteClock "0:00:02"]
[BlackClock "0:00:54"]

1. Nf3 g6 2. c4 Bg7 3. Nc3 d6 4. d4 Nc6 5. d5 Ne5 6. Nxe5 Bxe5 7. e4 Bg7 8. Be3 Nf6 9. Be2 O-O 10. O-O e5 11. c5 h5 12. f3 h4 13. Rc1 Nh5 14. Re1 Nf4 15. Bf1 Bd7 16. cxd6 cxd6 17. Nb5 Bxb5 18. Bxb5 h3 19. gxh3 Nxh3+ 20. Kg2 Qh4 21. Qd2 Bf6 22. Bd7 Kg7 23. Bh6+ Qxh6 24. Qxh6+ Kxh6 25. Bxh3 Bd8 26. Rf1 Bb6 27. Rc2 Kg5 28. Kh1 Rh8 29. Bd7 Rad8 30. Bb5 Rh4 31. Rg2+ Kf4 32. Be2 Ke3 33. Bd1 Rdh8 34. Re2+ Kf4 35. Rg2 f5 36. exf5 gxf5 37. Re1 Bd4 38. Ree2 Rh3 39. Rc2 R8h7 40. b4 a6 41. Rc8 Ke3 42. Rf8 Kf4 43. Bc2 R7h5 44. Bd1 Bc3 45. Rf6 Bxb4 46. Rf7 b5 47. Ra7 a5 48. Rb7 Ke3 49. Rxb5 R5h4 50. a3 Rd4 51. Be2 Bd2 52. Rb3+ Kf4 53. Rf2 Be3 54. Rg2 Rd2 55. Rb5 Ra2 56. Rxa5 Ra1+ 57. Bf1 Rxf1+ 58. Rg1 Rxg1# 0-1


[Site "https://www.chess.com"]

[Event "Titled Tuesday Blitz May 10 Early 2022"]
[White "Lamaze, Simon"]
[Black "Todorovic, Bojan"]
[WhiteFideId "36069264"]
[BlackFideId "917087"]
[WhiteElo "1999"]
[BlackElo "2266"]
[Result "1-0"]
[Round "09"]
[TimeControl "180+1"]
[Date "2022.05.11"]
[WhiteClock "0:01:21"]
[BlackClock "0:00:02"]

1. d4 Nf6 2. c4 g6 3. Nc3 Bg7 4. e4 d6 5. h3 O-O 6. Be3 c6 7. g4 a6 8. a4 a5 9. Nf3 Na6 10. Be2 e5 11. d5 Nd7 12. h4 Ndc5 13. Nd2 f5 14. gxf5 gxf5 15. Bg5 Qb6 16. Be7 Nb4 17. Bxf8 Ncd3+ 18. Bxd3 Nxd3+ 19. Ke2 Nxf2 20. Qg1 Kxf8 21. Qxf2 Qxb2 22. Rhc1 Bh6 23. Qe1 fxe4 24. Ra2 Bg4+ 25. Kf1 Qb6 26. Ncxe4 Ke7 27. c5 Qb4 28. cxd6+ Kd7 29. Rc4 Rf8+ 30. Kg2 Qb6 31. dxc6+ bxc6 32. Rac2 1-0


[Site "https://www.chess.com"]

[Event "Titled Tuesday Blitz May 10 Early 2022"]
[White "Lashkin, Jegor"]
[Black "Harshavardhan G B"]
[WhiteFideId "13907808"]
[BlackFideId "25059009"]
[WhiteElo "2368"]
[BlackElo "1831"]
[Result "1-0"]
[Round "09"]
[TimeControl "180+1"]
[Date "2022.05.10"]
[WhiteClock "0:01:34"]
[BlackClock "0:00:16"]

1. e4 e5 2. Nf3 Nc6 3. Nc3 Nf6 4. d4 exd4 5. Nxd4 Bb4 6. Nxc6 bxc6 7. Bd3 d5 8. exd5 cxd5 9. O-O O-O 10. h3 c6 11. Qf3 h6 12. Bf4 Bd6 13. Rfe1 Rb8 14. Bxd6 Qxd6 15. b3 c5 16. Rad1 Bb7 17. Qg3 Qxg3 18. fxg3 Rfe8 19. Na4 Rbc8 20. Bf5 Rc7 21. c3 Kf8 22. Kf2 Ba6 23. Rxe8+ Kxe8 24. b4 cxb4 25. cxb4 g6 26. Bb1 Bc4 27. a3 Nd7 28. Bd3 Ke7 29. Bxc4 dxc4 30. Nc3 Nb6 31. a4 Rd7 32. Rxd7+ Nxd7 33. Ke3 Ke6 34. Kd4 Ne5 35. b5 f5 36. a5 Kd6 37. Nd5 Nd3 38. Ne3 Ne1 39. Nxc4+ Kc7 40. Ne3 h5 41. h4 Kd6 42. Kc3 Kc5 43. b6 axb6 44. axb6 Kxb6 45. Kd2 Nxg2 46. Nxg2 Kc5 47. Nf4 Kd6 48. Nxg6 Kd5 49. Ke3 Ke6 50. Nf4+ Kf6 51. Nxh5+ Kg6 52. Nf4+ Kh6 53. Kd4 Kg7 54. Ke5 1-0


[Site "https://www.chess.com"]

[Event "Titled Tuesday Blitz May 10 Early 2022"]
[White "Le Ruyet, Leopold"]
[Black "Gatterer, Florian"]
[WhiteFideId "645923"]
[BlackFideId "811688"]
[WhiteElo "2276"]
[BlackElo "2218"]
[Result "1-0"]
[Round "09"]
[TimeControl "180+1"]
[Date "2022.05.11"]
[WhiteClock "0:00:15"]
[BlackClock "0:00:02"]

1. c4 e5 2. Nc3 Nf6 3. Nf3 Nc6 4. e4 Bb4 5. d3 O-O 6. Be2 d6 7. O-O Bg4 8. Nd5 Bc5 9. Bg5 Bxf3 10. Bxf3 Kh8 11. Bg4 Nd4 12. b4 Bb6 13. Nxb6 axb6 14. f4 h6 15. fxe5 hxg5 16. exf6 gxf6 17. Bf5 Kg7 18. Rf2 Rh8 19. Qg4 Rh4 20. Qg3 Qe7 21. Raf1 Qe5 22. Bh3 Qxg3 23. hxg3 Rh6 24. Rd2 Ra3 25. Kf2 Rh8 26. Ke3 c5 27. bxc5 bxc5 28. Rb1 g4 29. Bxg4 Rh2 30. Bh3 Rc3 31. Kf2 b5 32. cxb5 Kh6 33. b6 Nc6 34. b7 Nb8 35. Kg1 Rxh3 36. gxh3 Ra3 37. Kf2 Ra6 38. Kf3 Kg7 39. Kf4 Kg6 40. g4 Rc6 41. h4 Rc7 42. h5+ Kg7 43. Kf5 Nc6 44. b8=Q Nxb8 45. Rxb8 Ra7 46. Rb6 Rd7 47. g5 fxg5 48. Kxg5 d5 49. Kf5 dxe4 50. Kxe4 Rd4+ 51. Ke5 Rh4 52. Rg2+ Kh7 53. Rf6 Rxh5+ 54. Rf5 Rh3 55. Rxf7+ Kh8 56. Rb2 Re3+ 57. Kf4 Re8 58. Rbb7 c4 59. Rh7+ Kg8 60. Rbg7+ Kf8 61. Rh8+ Kxg7 62. Rxe8 cxd3 63. Rd8 1-0


[Site "https://www.chess.com"]

[Event "Titled Tuesday Blitz May 10 Early 2022"]
[White "Le, Tuan Minh"]
[Black "Bortnyk, Olexandr"]
[WhiteFideId "12401153"]
[BlackFideId "14120828"]
[WhiteElo "2450"]
[BlackElo "2723"]
[Result "1-0"]
[Round "09"]
[TimeControl "180+1"]
[Date "2022.05.10"]
[WhiteClock "0:00:34"]
[BlackClock "0:00:22"]

1. d4 d6 2. e4 Nf6 3. Nc3 e5 4. Nf3 Nbd7 5. Bc4 Be7 6. O-O c6 7. a4 h6 8. Ba2 Qc7 9. Re1 Nf8 10. Ne2 Ng6 11. Ng3 Bg4 12. h3 Be6 13. Bxe6 fxe6 14. dxe5 dxe5 15. c3 O-O 16. Qb3 Qc8 17. Nf5 Bc5 18. Qc4 Kh7 19. Nxg7 Bxf2+ 20. Kxf2 Kxg7 21. Kg1 Qd7 22. Be3 b5 23. axb5 cxb5 24. Qb4 a5 25. Rxa5 Rxa5 26. Qxa5 Nxe4 27. c4 bxc4 28. Nxe5 Rf5 29. Nxd7 Rxa5 30. Bd4+ e5 31. Nxe5 Nxe5 32. Rxe4 Kf6 33. Kf2 Kf5 34. Rxe5+ Rxe5 35. Bxe5 Kxe5 36. Ke3 h5 37. g3 Kd5 38. g4 h4 39. g5 Ke5 40. g6 Kf6 41. Kd4 Kxg6 42. Kxc4 Kf5 43. b4 Kf4 44. b5 Kg3 45. b6 Kxh3 46. b7 Kg2 47. b8=Q h3 48. Qb7+ Kg1 49. Qg7+ Kf2 50. Qf6+ Kg2 51. Qg5+ Kf3 52. Qd5+ Kg3 53. Qh1 1-0


[Site "https://www.chess.com"]

[Event "Titled Tuesday Blitz May 10 Early 2022"]
[White "Legenia, Artem"]
[Black "Stepanencu, Nicodim-Cosmin"]
[WhiteFideId "14136945"]
[BlackFideId "1256220"]
[WhiteElo "1936"]
[BlackElo "1945"]
[Result "0-1"]
[Round "09"]
[TimeControl "180+1"]
[Date "2022.05.11"]
[WhiteClock "0:00:05"]
[BlackClock "0:00:08"]

1. d4 d6 2. Nf3 g6 3. Bf4 Bg7 4. e3 Nd7 5. h3 e5 6. Bh2 Qe7 7. dxe5 dxe5 8. c3 Ngf6 9. Be2 O-O 10. O-O b6 11. Nbd2 Bb7 12. Qc2 Rfd8 13. Rad1 a5 14. Bb5 Nd5 15. Rfe1 Nc5 16. Nb3 f6 17. Bc4 a4 18. e4 axb3 19. axb3 c6 20. b4 Ne6 21. exd5 cxd5 22. Bb5 Rac8 23. Qb3 Kh8 24. Ra1 Ra8 25. Rad1 d4 26. Nd2 dxc3 27. bxc3 Ng5 28. Nc4 Qe6 29. Nd2 Rxd2 30. Qxe6 Rxd1 31. Rxd1 Nxe6 32. Rd7 Ra1+ 33. Bf1 Ba6 34. b5 Bxb5 0-1


[Site "https://www.chess.com"]

[Event "Titled Tuesday Blitz May 10 Early 2022"]
[White "Liyanage, Ranindu Dilshan"]
[Black "Azarov, Sergei"]
[WhiteFideId "9915834"]
[BlackFideId "13501470"]
[WhiteElo "1858"]
[BlackElo "2494"]
[Result "0-1"]
[Round "09"]
[TimeControl "180+1"]
[Date "2022.05.11"]
[WhiteClock "0:00:04"]
[BlackClock "0:00:08"]

1. e4 c5 2. Nf3 Nc6 3. d4 cxd4 4. Nxd4 Qb6 5. Nb5 Nf6 6. Be3 Qd8 7. N1c3 a6 8. Na3 b5 9. Nd5 Rb8 10. Nxf6+ exf6 11. Be2 Bxa3 12. bxa3 Qa5+ 13. Qd2 Qxa3 14. O-O O-O 15. Qd5 Re8 16. Bc5 Qc3 17. Bd6 Rb6 18. Rfd1 Ne5 19. f4 Bb7 20. Qc5 Qxc5+ 21. Bxc5 Rc6 22. fxe5 Rxc5 23. exf6 Bxe4 24. Rxd7 Rxc2 25. Bf1 gxf6 26. Rd6 Rc6 27. Rd7 Kg7 28. Re1 Rce6 29. Ra7 R8e7 30. Rxe7 Rxe7 31. g4 Re6 32. Kf2 Bd5 33. Ra1 f5 34. gxf5 Rf6 35. Bd3 Be6 36. Rg1+ Kf8 37. Ke3 Bxf5 38. Be2 Rh6 39. Rf1 Be6 40. Rf2 Rh3+ 41. Kf4 Ra3 42. Bf3 Rxa2 43. Rf1 Rxh2 44. Ke5 Ke7 45. Rc1 f6+ 46. Kf4 Rh4+ 47. Ke3 Rc4 48. Ra1 Ra4 49. Rc1 b4 50. Rc7+ Kd6 51. Rb7 b3 52. Rb6+ Ke7 53. Kd3 Rf4 54. Rb7+ Kd8 55. Bg2 a5 56. Ke3 Rb4 57. Rb6 Rxb6 0-1


[Site "https://www.chess.com"]

[Event "Titled Tuesday Blitz May 10 Early 2022"]
[White "Ljukin, Sergei"]
[Black "Skliarov, Viktor"]
[WhiteFideId "14102200"]
[BlackFideId "14106736"]
[WhiteElo "2312"]
[BlackElo "2229"]
[Result "0-1"]
[Round "09"]
[TimeControl "180+1"]
[Date "2022.05.11"]
[WhiteClock "0:00:01"]
[BlackClock "0:00:03"]

1. e4 c5 2. Nf3 Nc6 3. d4 cxd4 4. Nxd4 Nf6 5. Nc3 e5 6. Ndb5 d6 7. Nd5 Nxd5 8. exd5 Nb8 9. a4 Be7 10. Be2 O-O 11. O-O a6 12. Na3 f5 13. f4 Nd7 14. Nc4 b6 15. Be3 Rb8 16. a5 b5 17. Nb6 exf4 18. Nxd7 Qxd7 19. Bxf4 Bf6 20. c3 b4 21. Rc1 bxc3 22. bxc3 Re8 23. c4 Rb2 24. Bf3 Qa7+ 25. Kh1 Qc5 26. Re1 Rxe1+ 27. Qxe1 Kf7 28. h3 g5 29. Bh5+ Kg7 30. Qe8 Rb7 31. Be3 Qc7 32. Bb6 Qd7 33. Re1 Qxe8 34. Rxe8 Bd7 35. Ra8 g4 36. hxg4 fxg4 37. g3 Kh6 38. Be8 Bxe8 39. Rxe8 Re7 40. Rxe7 Bxe7 41. Bc7 Kg6 42. c5 dxc5 43. d6 Bxd6 44. Bxd6 c4 45. Bb4 Kf5 46. Kg2 Ke4 47. Kf2 Kd3 48. Ke1 h5 49. Kd1 Ke3 50. Kc2 Ke4 51. Bd6 Kd5 52. Bb8 Kd4 53. Bf4 Kc5 54. Bd2 Kd4 55. Be1 Kd5 56. Kc3 Kc5 57. Bd2 Kb5 58. Kd4 h4 59. gxh4 g3 60. Be3 g2 61. h5 Kb4 62. h6 c3 63. h7 c2 64. h8=Q g1=Q 65. Qb8+ Ka4 66. Bxg1 c1=Q 67. Be3 Qd1+ 68. Ke4 Qc2+ 69. Kf3 Qd1+ 70. Kf2 Qc2+ 71. Kf3 Qc4 72. Qb6 Qb5 73. Qd4+ Kxa5 0-1


[Site "https://www.chess.com"]

[Event "Titled Tuesday Blitz May 10 Early 2022"]
[White "Lohani, Sujana"]
[Black "Wartiovaara, Oliver"]
[WhiteFideId "12311987"]
[BlackFideId "513024"]
[WhiteElo "1691"]
[BlackElo "1971"]
[Result "0-1"]
[Round "09"]
[TimeControl "180+1"]
[Date "2022.05.11"]
[WhiteClock "0:00:05"]
[BlackClock "0:00:49"]

1. e4 g6 2. d4 Bg7 3. Be3 d6 4. h4 h5 5. Nf3 c6 6. c3 Bg4 7. Be2 Nd7 8. Qd2 Qc7 9. Ng5 Bxe2 10. Qxe2 Ngf6 11. Nd2 e5 12. d5 cxd5 13. exd5 Nxd5 14. O-O O-O 15. Rfd1 Nxe3 16. Qxe3 d5 17. Nb3 Nb6 18. a4 Nc4 19. Qc5 Qxc5 20. Nxc5 b6 21. b3 bxc5 22. bxc4 dxc4 23. Rd5 Rac8 24. Ne4 f5 25. Nxc5 e4 26. Rc1 Rfd8 27. Rxd8+ Rxd8 28. Ne6 Rd3 29. Nxg7 Kxg7 30. Kf1 Kf6 31. Ke2 Ke6 32. Rc2 Kd6 33. Rd2 Kc6 0-1


[Site "https://www.chess.com"]

[Event "Titled Tuesday Blitz May 10 Early 2022"]
[White "Maghsoodloo, Parham"]
[Black "Yuan, Qingyu"]
[WhiteFideId "12539929"]
[BlackFideId "8609772"]
[WhiteElo "2630"]
[BlackElo "2359"]
[Result "1-0"]
[Round "09"]
[TimeControl "180+1"]
[Date "2022.05.10"]
[WhiteClock "0:01:15"]
[BlackClock "0:00:01"]

1. d4 d5 2. Nf3 Nf6 3. c4 e6 4. Nc3 a6 5. cxd5 exd5 6. Bg5 Be6 7. e3 Nbd7 8. Bd3 Bd6 9. h3 c6 10. Bf4 Qc7 11. Qd2 O-O 12. O-O Nh5 13. Ne2 g6 14. Ng5 Rae8 15. Bxd6 Qxd6 16. Nf4 Nxf4 17. exf4 Nf6 18. Rae1 Bd7 19. Re5 h6 20. Nf3 Ne4 21. Qe3 f6 22. Bxe4 fxe5 23. fxe5 Qe6 24. Bd3 Kg7 25. Nh4 g5 26. Ng6 Rf5 27. g4 Rf7 28. f4 gxf4 29. Nxf4 Qe7 30. Nh5+ Kg8 31. Qxh6 Rxf1+ 32. Kxf1 Qf8+ 33. Nf6+ Kf7 34. Qxf8+ Rxf8 35. Nxd7 Rh8 36. Kg2 Ke7 37. Bf5 a5 38. Kg3 b6 39. h4 c5 40. dxc5 bxc5 41. Nxc5 Rb8 42. Nd3 a4 43. h5 d4 44. h6 Rb6 45. g5 Kf7 46. g6+ Kg8 47. e6 Rb7 48. Kg4 Rb5 49. e7 Rb8 50. Be6+ Kh8 51. Ne5 a3 52. Nf7+ Kg8 53. Nd8+ Kh8 54. e8=Q# 1-0


[Site "https://www.chess.com"]

[Event "Titled Tuesday Blitz May 10 Early 2022"]
[White "Maksimenko, Viktor"]
[Black "Srihari L R"]
[WhiteFideId "13710478"]
[BlackFideId "46617116"]
[WhiteElo "2269"]
[BlackElo "2121"]
[Result "0-1"]
[Round "09"]
[TimeControl "180+1"]
[Date "2022.05.11"]
[WhiteClock "0:00:03"]
[BlackClock "0:00:21"]

1. d4 d6 2. e4 Nf6 3. Nc3 e5 4. dxe5 dxe5 5. Qxd8+ Kxd8 6. Bc4 Be6 7. Bxe6 fxe6 8. f3 a6 9. Be3 Bd6 10. Nh3 Ke7 11. Nf2 Nc6 12. Nd3 h6 13. O-O-O Nd7 14. Nb1 b5 15. Nd2 Rhb8 16. Nb3 a5 17. Nbc5 b4 18. Nxd7 Kxd7 19. c3 bxc3 20. bxc3 Ke7 21. Kc2 a4 22. Rb1 Na5 23. Rxb8 Rxb8 24. Rb1 Ra8 25. Nb2 Kd7 26. Bc1 a3 27. Nd3 Nc4 28. Nf2 Bc5 29. Nd3 Bd6 30. Nf2 Kc6 31. Kd3 Nb6 32. Nd1 Na4 33. Kc2 g5 34. Ne3 Nb6 35. Rb3 h5 36. h3 Be7 37. Bd2 Bc5 38. Bc1 Bxe3 39. Bxe3 g4 40. hxg4 hxg4 41. fxg4 Nc4 42. Bc1 Rf8 43. Kd3 Nd6 44. Bxa3 Rg8 45. Bxd6 cxd6 46. Ke3 Rxg4 47. Kf3 Rf4+ 48. Ke3 d5 49. exd5+ exd5 50. Rb4 Rf8 51. Ra4 Rg8 52. Ra6+ Kc5 53. Kf2 Kc4 54. Rc6+ Kd3 55. Rc5 Rd8 56. a4 e4 57. a5 Kd2 58. g4 e3+ 59. Kg2 e2 0-1


[Site "https://www.chess.com"]

[Event "Titled Tuesday Blitz May 10 Early 2022"]
[White "Maksimovic, Bojan"]
[Black "Kruckenhauser, Arthur"]
[WhiteFideId "14408120"]
[BlackFideId "1642812"]
[WhiteElo "2448"]
[BlackElo "2243"]
[Result "1-0"]
[Round "09"]
[TimeControl "180+1"]
[Date "2022.05.11"]
[WhiteClock "0:00:47"]
[BlackClock "0:00:07"]

1. Nf3 d5 2. d4 Nf6 3. c4 e6 4. g3 Bb4+ 5. Bd2 a5 6. Bg2 O-O 7. O-O dxc4 8. Qc2 b5 9. a4 Bxd2 10. Nbxd2 c6 11. b3 cxb3 12. Nxb3 Ba6 13. Rfd1 bxa4 14. Nc5 Bb5 15. Ne5 Nd5 16. Nxa4 Na6 17. e3 Nab4 18. Qd2 Qd6 19. Nc5 f6 20. Nf3 Rfe8 21. e4 Nb6 22. e5 fxe5 23. Nxe5 N6d5 24. Be4 Ra7 25. h4 Ne7 26. Ra3 Nf5 27. Rf3 Rf8 28. Qb2 Nd5 29. Qc2 a4 30. Bxf5 exf5 31. Rxf5 a3 32. Rxf8+ Qxf8 33. Ne6 Qe7 34. Ng5 g6 35. Re1 Qf6 36. Ng4 Qf8 37. h5 a2 38. Ra1 gxh5 39. Rxa2 Rxa2 40. Qxh7# 1-0


[Site "https://www.chess.com"]

[Event "Titled Tuesday Blitz May 10 Early 2022"]
[White "Mammadzada, Gunay"]
[Black "Korchmar, Vasiliy"]
[WhiteFideId "13403729"]
[BlackFideId "24131750"]
[WhiteElo "2242"]
[BlackElo "2370"]
[Result "0-1"]
[Round "09"]
[TimeControl "180+1"]
[Date "2022.05.11"]
[WhiteClock "0:00:18"]
[BlackClock "0:01:19"]

1. d4 Nf6 2. Bf4 d5 3. e3 c5 4. c3 Nc6 5. Bd3 Bg4 6. Nf3 e6 7. O-O Bd6 8. Bg5 O-O 9. Nbd2 e5 10. dxe5 Nxe5 11. Be2 Ng6 12. h3 Be6 13. c4 h6 14. cxd5 Bxd5 15. e4 Bc6 16. Nc4 Bc7 17. e5 hxg5 18. exf6 gxf6 19. Qc2 Nf4 20. Ne3 Re8 21. Rfe1 Be4 22. Qxc5 Bb6 23. Qb4 Ba5 24. Qb3 Bxe1 25. Rxe1 Nxe2+ 26. Rxe2 Bxf3 27. gxf3 Qb6 28. Qd5 Rad8 29. Qf5 Qe6 30. Qb5 Qxh3 31. Qxb7 Rxe3 0-1


[Site "https://www.chess.com"]

[Event "Titled Tuesday Blitz May 10 Early 2022"]
[White "Martic, Ivan"]
[Black "Wagner, Dennis"]
[WhiteFideId "929301"]
[BlackFideId "24650684"]
[WhiteElo "2317"]
[BlackElo "2355"]
[Result "1-0"]
[Round "09"]
[TimeControl "180+1"]
[Date "2022.05.11"]
[WhiteClock "0:00:06"]
[BlackClock "0:00:14"]

1. d4 Nf6 2. Nf3 d5 3. c4 e6 4. Nc3 c6 5. e3 Nbd7 6. Qc2 Bd6 7. b3 O-O 8. Bb2 b6 9. Bd3 Bb7 10. O-O Rc8 11. e4 dxe4 12. Nxe4 Nxe4 13. Bxe4 Nf6 14. Bd3 h6 15. c5 Bb8 16. Rad1 Nd5 17. a3 Nf4 18. Bh7+ Kh8 19. Be4 Ba6 20. Rfe1 f5 21. Bd3 Bxd3 22. Rxd3 Nxd3 23. Qxd3 bxc5 24. Rxe6 Qd5 25. Qe3 Bf4 26. Qe2 Qxb3 27. dxc5 Rb8 28. Bd4 Qb1+ 29. Ne1 Rbd8 30. Bc3 Qc1 31. g3 Qxc3 32. gxf4 Qxc5 33. Nf3 Qc1+ 34. Kg2 Qxf4 35. Ne5 Qg5+ 36. Kh3 Rd2 37. Qf3 f4 38. Ng6+ Kg8 39. Rxc6 Qf5+ 40. Kg2 Rf6 41. Ne7+ Kh7 42. Nxf5 Rxf5 43. Qe4 Rd5 44. Rc7 f3+ 45. Kg3 Re5 46. Qd3 Rd5 47. Qc2 Kg6 48. h4 Kh5 49. Kh3 Rf4 50. Rc5 Rxh4+ 51. Kg3 Rg4+ 52. Kxf3 Rxc5 53. Qxc5+ Kh4 54. Qxa7 g5 55. Qd7 h5 56. Qxg4+ hxg4+ 57. Kg2 g3 58. fxg3+ Kg4 59. a4 Kf5 60. a5 Ke4 61. a6 g4 62. a7 Ke3 63. a8=Q 1-0


[Site "https://www.chess.com"]

[Event "Titled Tuesday Blitz May 10 Early 2022"]
[White "Matveeva, Olga"]
[Black "Koziorowicz, Michal"]
[WhiteFideId "24107018"]
[BlackFideId "21809194"]
[WhiteElo "2052"]
[BlackElo "2219"]
[Result "0-1"]
[Round "09"]
[TimeControl "180+1"]
[Date "2022.05.11"]
[WhiteClock "0:00:06"]
[BlackClock "0:01:31"]

1. d4 Na6 2. c4 e5 3. e3 exd4 4. exd4 d5 5. Nf3 Nf6 6. Nc3 dxc4 7. Bxc4 Nb4 8. O-O Be7 9. Ne5 O-O 10. Qb3 Qe8 11. Re1 Nc6 12. Nxc6 bxc6 13. Bg5 Qd8 14. Rad1 Bf5 15. Re5 Rb8 16. Qa4 Rb4 17. Qxc6 Bd7 18. Qa6 Rxb2 19. Rde1 Bb4 20. Nd5 Bxe1 21. Rxe1 Bb5 22. Nxf6+ gxf6 23. Bxb5 fxg5 24. Bd3 Qxd4 25. Rf1 Re8 26. Qc6 Re6 27. Qa8+ Kg7 28. Qf3 Rf6 29. Qh3 h6 30. Qg3 c5 31. h3 c4 0-1


[Site "https://www.chess.com"]

[Event "Titled Tuesday Blitz May 10 Early 2022"]
[White "Melian, Juan Sebastian"]
[Black "Redzisz, Michal"]
[WhiteFideId "3706575"]
[BlackFideId "21816107"]
[WhiteElo "1851"]
[BlackElo "2004"]
[Result "0-1"]
[Round "09"]
[TimeControl "180+1"]
[Date "2022.05.11"]
[WhiteClock "0:00:13"]
[BlackClock "0:00:10"]

1. c4 e5 2. Nc3 d6 3. g3 f5 4. Bg2 Nf6 5. d4 e4 6. Bg5 Be7 7. e3 O-O 8. Nge2 c6 9. h4 Nbd7 10. Nf4 Rf7 11. a3 Nb6 12. Qe2 h6 13. Bxf6 Bxf6 14. h5 Qe8 15. Rd1 Be6 16. b3 d5 17. c5 Nd7 18. b4 a6 19. O-O Nf8 20. a4 Re7 21. Rb1 g5 22. hxg6 Nxg6 23. Nxe6 Rxe6 24. Qh5 Kh7 25. Bh3 Bg5 26. Bxf5 Rf6 27. Qh3 Qf7 28. Bg4 Rg8 29. b5 Rf8 30. Nd1 axb5 31. axb5 Ne7 32. bxc6 bxc6 33. Rb7 Kh8 34. Qh5 Qxh5 35. Bxh5 Nf5 36. Be2 h5 37. Kg2 h4 38. g4 h3+ 39. Kxh3 Rh6+ 40. Kg2 Nh4+ 41. Kg3 Nf3 42. Bxf3 Rxf3+ 43. Kg2 Rfh3 44. Rg1 Rh2+ 45. Kf1 Bh4 46. Rf7 Rg6 47. Rf5 Kg7 48. Nc3 Rf6 49. Rxf6 Kxf6 50. Nd1 Kg5 51. Rg2 Rh1+ 52. Ke2 Kf6 53. Nc3 Rc1 54. Kd2 Ra1 55. Kc2 Kg5 56. Kb2 Re1 57. Na4 Rf1 58. Kc3 Rxf2 59. Rxf2 Bxf2 60. Kd2 Kxg4 61. Nb6 Kf3 62. Nd7 Bxe3+ 63. Kc3 Bf4 64. Ne5+ Bxe5 65. dxe5 e3 66. e6 e2 67. e7 e1=Q+ 68. Kd4 Qxe7 69. Kc3 Qe3+ 70. Kb4 Qd4+ 71. Kb3 Qxc5 72. Ka4 d4 73. Kb3 d3 74. Ka2 d2 75. Kb2 d1=Q 76. Ka2 0-1


[Site "https://www.chess.com"]

[Event "Titled Tuesday Blitz May 10 Early 2022"]
[White "Meshkovs, Nikita"]
[Black "Gurevich, Dmitry"]
[WhiteFideId "11602740"]
[BlackFideId "2000407"]
[WhiteElo "2506"]
[BlackElo "2506"]
[Result "1-0"]
[Round "09"]
[TimeControl "180+1"]
[Date "2022.05.10"]
[WhiteClock "0:00:33"]
[BlackClock "0:01:12"]

1. d4 Nf6 2. c4 a6 3. g3 c5 4. Nf3 cxd4 5. Nxd4 d5 6. cxd5 Qxd5 7. f3 e5 8. Nc2 Qxd1+ 9. Kxd1 Bc5 10. e4 Nc6 11. Nd2 Be6 12. Bc4 Bxc4 13. Nxc4 O-O-O+ 14. Ke2 b5 15. Be3 Nd4+ 16. Bxd4 exd4 17. Ne5 Rhe8 18. Nd3 Bb6 19. a4 Kb7 20. axb5 axb5 21. Na3 g5 22. g4 h5 23. h3 hxg4 24. hxg4 Nxe4 25. fxe4 Rxe4+ 26. Kf2 Rxg4 27. Rh7 Rd7 28. Nxb5 Re4 29. Re1 Re3 30. Rxe3 dxe3+ 31. Ke2 Kc6 32. Nc3 f5 33. Ne5+ 1-0


[Site "https://www.chess.com"]

[Event "Titled Tuesday Blitz May 10 Early 2022"]
[White "Mica, Marek"]
[Black "Aaditya Dhingra"]
[WhiteFideId "382884"]
[BlackFideId "25678191"]
[WhiteElo "2100"]
[BlackElo "1849"]
[Result "1-0"]
[Round "09"]
[TimeControl "180+1"]
[Date "2022.05.11"]
[WhiteClock "0:00:14"]
[BlackClock "0:00:01"]

1. Nf3 c5 2. g3 b6 3. Bg2 Bb7 4. O-O g6 5. c4 Bg7 6. Nc3 Nf6 7. b3 Ne4 8. Bb2 Nxc3 9. Bxc3 Bxc3 10. dxc3 O-O 11. Qd2 d6 12. Qh6 Bxf3 13. Bxf3 Nd7 14. Bxa8 Qxa8 15. Qd2 Nf6 16. f3 Qc8 17. Kg2 Re8 18. Rad1 Qc7 19. Rfe1 a6 20. e4 b5 21. Qe2 bxc4 22. Qxc4 Qa5 23. Re2 Nd7 24. f4 Nb6 25. Qd3 Rc8 26. c4 Rd8 27. Qd2 Qa3 28. Qc1 Qa5 29. e5 d5 30. cxd5 Nxd5 31. e6 f6 32. Red2 Ne3+ 33. Kf3 Nxd1 34. Rxd1 Rxd1 35. Qxd1 Kg7 36. Qd7 Kf8 37. Qc8+ Kg7 38. Qe8 Qc3+ 39. Kg4 f5+ 40. Kh3 Qf6 41. Qc6 Qa1 42. Qxa6 Kf6 43. Qe2 Qd4 44. a4 g5 45. fxg5+ Kxg5 46. a5 h5 47. a6 Qd6 48. a7 Qc6 49. Qe3+ Kg6 50. Kh4 Qg2 51. Qg5+ Kh7 52. Qxf5+ Kg7 53. Qg5+ Kh7 54. Qxh5+ Kg7 55. Qf7+ Kh6 56. Qf4+ Kg6 57. Qg4+ Kh6 58. Qg5+ Kh7 59. h3 1-0


[Site "https://www.chess.com"]

[Event "Titled Tuesday Blitz May 10 Early 2022"]
[White "Migot, Tangi"]
[Black "Odegov, Artem"]
[WhiteFideId "662445"]
[BlackFideId "34183644"]
[WhiteElo "2505"]
[BlackElo "2286"]
[Result "0-1"]
[Round "09"]
[TimeControl "180+1"]
[Date "2022.05.11"]
[WhiteClock "0:00:01"]
[BlackClock "0:00:43"]

1. Nf3 d5 2. g3 c6 3. c4 Bf5 4. Bg2 Nf6 5. O-O e6 6. Nd4 Bg6 7. cxd5 exd5 8. d3 Bd6 9. Nc3 O-O 10. e4 dxe4 11. dxe4 Qe7 12. Re1 Rd8 13. Nf5 Bxf5 14. exf5 Qc7 15. Qc2 Nbd7 16. Bg5 h6 17. Bd2 Ne5 18. Bf4 Nc4 19. Bxd6 Nxd6 20. Rad1 Re8 21. a4 Rxe1+ 22. Rxe1 Re8 23. Rd1 Qe7 24. a5 Qe5 25. a6 bxa6 26. Bxc6 Rc8 27. Bf3 Nxf5 28. Bb7 Rb8 29. Bxa6 Nd4 30. Qd3 Rd8 31. Bb7 g6 32. Bg2 Kg7 33. Qf1 Rb8 34. Rd2 h5 35. h3 h4 36. gxh4 Nh5 37. Qd3 Nf5 38. Qe4 Qxe4 39. Bxe4 Nxh4 40. Kf1 a5 41. Kg1 Nf4 42. Kh2 g5 43. Kg3 Rb4 44. f3 f5 45. Bb1 Nh5+ 46. Kf2 Rf4 47. Rd3 g4 48. hxg4 fxg4 49. Nd5 g3+ 0-1


[Site "https://www.chess.com"]

[Event "Titled Tuesday Blitz May 10 Early 2022"]
[White "Mikhnenko, Alexander"]
[Black "Tania, Sachdev"]
[WhiteFideId "34143014"]
[BlackFideId "5007844"]
[WhiteElo "2117"]
[BlackElo "2280"]
[Result "0-1"]
[Round "09"]
[TimeControl "180+1"]
[Date "2022.05.11"]
[WhiteClock "0:00:04"]
[BlackClock "0:00:13"]

1. e4 e5 2. Nf3 Nc6 3. Bb5 a6 4. Ba4 Nf6 5. O-O b5 6. Bb3 Bb7 7. d4 Nxd4 8. Nxd4 exd4 9. e5 Ne4 10. Qf3 Qe7 11. Nd2 Nc5 12. Qg4 Ne6 13. Bxe6 fxe6 14. Qxd4 O-O-O 15. a4 Qc5 16. Qxc5 Bxc5 17. axb5 axb5 18. Nb3 Bb6 19. Be3 Bxe3 20. fxe3 Rhf8 21. Rxf8 Rxf8 22. Nc5 Bc6 23. Ra7 Kb8 24. Ra5 Rf5 25. Nd3 Rg5 26. g3 Rg4 27. b3 Kb7 28. b4 d6 29. exd6 cxd6 30. c3 Rc4 31. Ra3 g5 32. Kf2 Be4 33. Nb2 Rc8 34. Ke1 h5 35. Nd1 Bd5 36. Nf2 h4 37. g4 e5 38. Kd2 Rf8 39. Ke1 Bc4 40. Ne4 Rf1+ 41. Kd2 Kc7 42. Ra7+ Kb6 43. Rd7 Rh1 44. Rxd6+ Kc7 45. Rg6 Rxh2+ 46. Kc1 Re2 47. Nxg5 Rxe3 48. Rh6 Rxc3+ 49. Kb2 Rb3+ 50. Kc2 Rxb4 51. Rxh4 Ra4 52. Nh7 Bd5 53. Nf6 Bc6 54. Rh7+ Kb6 0-1


[Site "https://www.chess.com"]

[Event "Titled Tuesday Blitz May 10 Early 2022"]
[White "Mirzoev, Azer"]
[Black "Martin Carmona, Gaston Manuel"]
[WhiteFideId "13400304"]
[BlackFideId "22284567"]
[WhiteElo "2525"]
[BlackElo "2162"]
[Result "0-1"]
[Round "09"]
[TimeControl "180+1"]
[Date "2022.05.11"]
[WhiteClock "0:00:01"]
[BlackClock "0:00:03"]

1. b3 b6 2. Bb2 Bb7 3. Nf3 Nf6 4. c4 g6 5. g3 Bg7 6. Bg2 O-O 7. O-O c5 8. d4 cxd4 9. Qxd4 Nc6 10. Qh4 d6 11. Nc3 Rc8 12. Rfd1 a6 13. Rac1 Nb4 14. a3 Nc6 15. b4 Nb8 16. Bh3 Rc7 17. Nd5 Nxd5 18. Bxg7 Kxg7 19. cxd5 Bc8 20. Qd4+ Kg8 21. Bf1 b5 22. h4 Bf5 23. Nd2 Bc2 24. Re1 Nd7 25. e4 Qc8 26. Bh3 Ba4 27. Rxc7 Qxc7 28. h5 gxh5 29. Nf3 Nf6 30. Nh4 Qc4 31. Qe3 Kh8 32. Nf5 Re8 33. Qh6 Rg8 34. Nxe7 Qc3 35. Re3 Qa1+ 36. Kg2 Rg7 37. Nf5 Rg6 38. Qf8+ Rg8 39. Qxd6 Bc2 40. Qf4 Qb2 41. Re2 Qc3 42. Ne3 Ne8 43. e5 Bd3 44. Rb2 Qxb2 45. e6 Ng7 0-1


[Site "https://www.chess.com"]